 Dungeon Crawl Stone Soup version 0.30.0-19-g36f170ea60 (webtiles) character file.

Game seed: 14250250970461604445

11962 olmar the Basher (level 12, -4/95 HPs)
             Began as a Formicid Fighter on May 28, 2023.
             Was an Initiate of Gozag.
             Slain by Snorg (15 damage)
             ... on level 12 of the Dungeon.
             The game lasted 00:18:27 (9722 turns).

olmar the Basher (Formicid Fighter)                 Turns: 9722, Time: 00:18:28

Health: -4/95      AC: 16    Str: 25    XL:     12   Next: 14%
Magic:  12/12      EV:  7    Int:  9    God:    Gozag
Gold:   220        SH:  8    Dex: 13    Spells: 11/11 levels left

rFire   . . .        p - +6 eveningstar (heavy)
rCold   + . .        M - +2 buckler
rNeg    . . .        K - +0 plate armour
rPois   .            (helmet unavailable)
rElec   .            w - scarf {repulsion}
rCorr   .            u - +0 pair of gloves
SInv    +            (no boots)
Will    +....        l - amulet of regeneration Stlth
                     r - ring of protection from cold
HPRegen 1.15/turn    (no ring)
MPRegen 0.13/turn

%: repel missiles
@: no status effects
A: permanent stasis, dig shafts and tunnels, antennae 3, four strong arms
a: Dig, Shaft Self, Renounce Religion, Potion Petition, Call Merchant, Bribe
Branch


You were on level 12 of the Dungeon.
You worshipped Gozag.
Gozag was aware of your devotion.
You visited 1 branch of the dungeon, and saw 12 of its levels.
You also visited: Ossuary.

You collected 2138 gold pieces.
You paid 1918 gold pieces to Gozag.

Inventory:

Hand Weapons
 f - a +2 morningstar of freezing
 p - a +6 heavy eveningstar (weapon)
 C - a +0 demon whip of venom
 G - a +2 quarterstaff of chaos
Missiles
 L - 20 poisoned darts (quivered)
 N - a curare-tipped dart
Armour
 b - a +0 scale mail
 c - a +0 buckler
 h - a +1 cloak
 o - a +0 chain mail
 u - a +0 pair of gloves (worn)
 w - a scarf of repulsion (worn)
 H - a +0 cloak
 K - a +0 plate armour (worn)
 M - a +2 buckler (worn)
 Q - a +3 ring mail
Jewellery
 a - an amulet of reflection
 j - a ring of ice
 l - an amulet of regeneration (around neck)
 r - a ring of protection from cold (left hand)
 D - an amulet of magic regeneration
 E - an amulet of guardian spirit
 F - a ring of flight
Wands
 I - a wand of flame (23)
 P - a wand of acid (3)
Scrolls
 i - 7 scrolls of amnesia
 k - a scroll of silence
 m - 7 scrolls of teleportation
 q - a scroll of poison
 s - a scroll of fog
 y - 3 scrolls of magic mapping
 A - 3 scrolls of enchant armour
 R - a scroll of brand weapon {unknown}
 S - a scroll of blinking {unknown}
Potions
 d - a potion of might
 e - a potion of curing
 g - 2 potions of magic
 n - 4 potions of haste
 t - a potion of brilliance {unknown}
 v - 3 potions of cancellation
 x - 4 potions of flight {unknown}
 z - 2 potions of mutation {unknown}
 B - 4 potions of lignification {unknown}
 O - a potion of degeneration {unknown}


   Skills:
 + Level 9.3 Fighting
 + Level 12.2 Maces & Flails
 + Level 1.1 Throwing
 + Level 10.9 Armour
 - Level 0.6 Dodging
 - Level 0.3 Stealth
 + Level 9.7 Shields
 + Level 0.7 Evocations


You had 11 spell levels left.
You didn't know any spells.
Your spell library contained the following spells:

 Spells                   Type           Power      Damage    Failure   Level
 Apportation              Tloc           0%         N/A       99%         1
 Kiss of Death            Conj/Necr      0%         2d5       99%         1
 Necrotise                Necr           0%         1d4       99%         1
 Summon Small Mammal      Summ           0%         N/A       99%         1
 Cigotuvi's Dreadful Rot  Necr/Pois/Air  0%         N/A       100%        2
 Lesser Beckoning         Tloc           0%         N/A       100%        2
 Momentum Strike          Conj/Tloc      0%         3d8       100%        2
 Confusing Touch          Hex            0%         N/A       100%        3
 Dispel Undead            Necr           0%         3d6       100%        4
 Alistair's Intoxication  Tmut/Pois      0%         N/A       100%        5
 Death Channel            Necr           0%         N/A       100%        6
 Blink                    Tloc           Unusable   N/A       N/A         2

Dungeon Overview and Level Annotations

Branches:
Dungeon (11/15)            Temple (0/1) D:5             Orc (0/2) D:10
Ossuary (visited)
   Lair: D:8-11

Altars:
Cheibriados
Elyvilon
Fedhas
Gozag
Kikubaaqudgha
Ru
Xom

Annotations:
D:3 3 runed translucent doors, minhee2137's ghost, amateur TeCj
D:11 Sonja
D:12 Snorg


Innate Abilities, Weirdness & Mutations

You cannot be hasted, slowed, berserked, paralysed or teleported.
You can dig through walls and to a lower floor.
You have a pair of large antennae on your head. (SInv)
Your four strong arms can wield two-handed weapons with a shield.


Message History

A gargoyle comes into view. It is wielding a +0 flail.
Unknown command.
You crush Snorg like a grape!!!
Snorg is severely wounded.
Snorg barely misses you. Snorg claws you! Snorg claws you but does no damage.
Snorg bites you!!
* * * LOW HITPOINT WARNING * * *
Snorg claws you!
* * * LOW HITPOINT WARNING * * *
Snorg claws you!
* * * LOW HITPOINT WARNING * * *
You are too injured to fight recklessly!
Unknown command.
You are too injured to fight recklessly! [a] - 336 gold - resistance and might [b] - 312 gold - invisibility and might [c] - 232 gold - heal wounds and curing Purchase which effect?
You no longer have enough gold to petition Gozag for potion effects.
You feel much better.
You feel better. You block Snorg's attack.
Snorg claws you. x2; Snorg bites you but does no damage.
You block Snorg's attack. Snorg completely misses you.
Unknown command.
Aiming: Corrosive Bolt
Press: ? - help, Shift-Dir - straight line, f/p - Snorg
Aim: Snorg (severely wounded, berserk, very poisoned, 71% to hit)
The bolt of acid misses Snorg.
Snorg bites you! You block Snorg's attack. Snorg claws you.
You block the gargoyle's attack.
Unknown command.
Unknown command.
Aiming: Corrosive Bolt
Press: ? - help, Shift-Dir - straight line, f/p - Snorg
Aim: Snorg (severely wounded, berserk, very poisoned, 71% to hit)
The bolt of acid hits Snorg!
The acid corrodes Snorg!
Snorg is almost dead.
Snorg bites you!!
* * * LOW HITPOINT WARNING * * *
Snorg claws you!
You die...
Your body crumbles into a pile of gold.

#. #.......+
#.. #.......#
#...##......#
#..T##......#
#....#......+
#....'......#
#(.....#
#T9....#
#@.....#
#......#
#......# $
#.......[...#
#...#########
#.. ##


You could see Snorg (berserk, very poisoned, corroded) and a gargoyle.

Vanquished Creatures
  Fannar (D:10)
  Amaemon (D:8)
  A cyclops (D:7)
  An orange demon (D:8)
  Maggie (D:10)
  3 unseen horror zombies (D:8)
  Prince Ribbit (D:7)
  Sigmund (D:2)
  A shadow (D:9)
  25 yaks
  2 wyverns
  2 steam dragons
  An acid dragon (D:10)
  A water moccasin (D:5)
  An ice beast (D:8)
  An orc warrior (D:7)
  A black bear (D:6)
  A hornet zombie (D:8)
  A centaur (D:5)
  A phantom (D:6)
  4 bullfrogs
  2 kobold brigands (D:9)
  A gnoll sergeant (D:9)
  10 scorpions
  4 wyvern zombies (D:8)
  8 wights
  11 killer bees
  7 howler monkeys
  A centaur zombie (Ossuary)
  2 hounds
  5 jellies
  2 gnoll boudas
  5 orc priests
  Crazy Yiuf (D:7)
  3 human zombies (Ossuary)
  An iron imp (D:3)
  An iguana (D:5)
  A sleepcap (D:7)
  3 scorpion zombies (Ossuary)
  7 orc wizards
  A killer bee zombie (D:8)
  3 mummies (Ossuary)
  3 howler monkey zombies (D:8)
  Robin (D:2)
  14 gnolls
  4 adders
  4 white imps
  An ufetubus (D:6)
  2 worms
  A dart slug (D:5)
  17 orcs
  3 ball pythons
  7 endoplasms
  A giant cockroach (D:3)
  14 goblins
  10 hobgoblins
  3 jackals (D:4)
  4 quokkas
  4 bats
  2 frilled lizards
  A goblin zombie (Ossuary)
  3 hobgoblin zombies (Ossuary)
  11 kobolds
  2 kobold zombies (Ossuary)
  7 rats
250 creatures vanquished.

Vanquished Creatures (others)
  An orc wizard (D:8)
1 creature vanquished.

Grand Total: 251 creatures vanquished

Notes
Turn   | Place    | Note
-------+----------+-------------------------------------------
     0 | D:1      | olmar the Formicid Fighter began the quest for the Orb.
     0 | D:1      | Reached XP level 1. HP: 18/18 MP: 1/1
   149 | D:1      | Reached XP level 2. HP: 19/24 MP: 2/2
   727 | D:2      | Reached XP level 3. HP: 29/29 MP: 3/3
   781 | D:2      | Noticed Robin
   816 | D:2      | Killed Robin
   820 | D:2      | Reached XP level 4. HP: 35/36 MP: 4/4
   996 | D:2      | Noticed Sigmund
   999 | D:2      | You fall into a shaft and drop 1 floor!
  1245 | D:3      | Found an opulent altar of Gozag.
  1257 | D:3      | Became a worshipper of Gozag Ym Sagoz the Greedy
  1308 | D:3      | Found a snail-covered altar of Cheibriados.
  1319 | D:3      | Reached skill level 3 in Maces & Flails
  1319 | D:3      | Reached XP level 5. HP: 42/42 MP: 5/5
  1337 | D:3      | Noticed minhee2137's ghost (amateur TeCj)
  1369 | D:3      | Reached skill level 5 in Shields
  1626 | D:3      | Found a runed translucent gate.
  1626 | D:3      | Found a runed translucent gate.
  1626 | D:3      | Found a runed translucent gate.
  1712 | D:3      | Identified the +7 dagger "Tormentor" {freeze, rC+ Will+
                  | rCorr}
  1828 | D:2      | Killed Sigmund
  1829 | D:2      | Reached skill level 4 in Maces & Flails
  1829 | D:2      | Reached XP level 6. HP: 33/48 MP: 6/6
  1900 | D:2      | Reached skill level 5 in Armour
  1949 | D:2      | Reached XP level 7. HP: 46/55 MP: 7/7
  2660 | D:4      | Reached skill level 5 in Maces & Flails
  3354 | D:5      | Entered Level 5 of the Dungeon
  3433 | D:5      | Reached XP level 8. HP: 56/61 MP: 8/8
  3442 | D:5      | Found a staircase to the Ecumenical Temple.
  3851 | D:5      | Reached skill level 5 in Fighting
  3859 | D:5      | Found a blossoming altar of Fedhas.
  4105 | D:5      | Reached skill level 6 in Maces & Flails
  4389 | D:6      | Found a sand-covered staircase.
  4405 | Ossuary  | Entered an ossuary
  4493 | Ossuary  | Reached skill level 7 in Maces & Flails
  4503 | Ossuary  | Reached XP level 9. HP: 64/68 MP: 9/9
  4687 | Ossuary  | Reached skill level 8 in Maces & Flails
  5218 | D:6      | Found a shimmering altar of Xom.
  5642 | D:7      | Noticed Prince Ribbit
  5663 | D:7      | Killed Prince Ribbit
  5664 | D:7      | Reached XP level 10. HP: 48/77 MP: 10/10
  6029 | D:7      | Noticed a cyclops
  6038 | D:7      | HP: 3/77 [cyclops (25)]
  6039 | D:7      | Killed a cyclops
  6040 | D:7      | Reached skill level 9 in Maces & Flails
  6197 | D:7      | Found a runed translucent door.
  6198 | D:7      | Noticed Crazy Yiuf
  6658 | D:7      | Reached skill level 10 in Maces & Flails
  6778 | D:7      | Killed Crazy Yiuf
  7205 | D:8      | Reached XP level 11. HP: 78/86 MP: 11/11
  7286 | D:8      | Noticed Amaemon
  7308 | D:8      | Killed Amaemon
  7314 | D:8      | Reached skill level 11 in Maces & Flails
  7628 | D:9      | Identified a scroll of acquirement
  7628 | D:9      | Acquired a +4 heavy eveningstar
  7883 | D:9      | Reached skill level 10 in Armour
  8060 | D:9      | Found an ancient bone altar of Kikubaaqudgha.
  8429 | D:9      | Found a sacrificial altar of Ru.
  8429 | D:9      | Found a white marble altar of Elyvilon.
  8657 | D:10     | Entered Level 10 of the Dungeon
  8993 | D:10     | Noticed Fannar
  8993 | D:10     | Noticed Maggie
  9006 | D:10     | Killed Maggie
  9010 | D:10     | Killed Fannar
  9011 | D:10     | Reached skill level 1 in Throwing
  9232 | D:10     | Reached XP level 12. HP: 92/95 MP: 12/12
  9233 | D:10     | Reached skill level 12 in Maces & Flails
  9253 | D:10     | Identified the +0 robe of the Elven Halls {*Corrode rElec
                  | Int-3 Stlth+}
  9289 | D:10     | Found a staircase to the Orcish Mines.
  9599 | D:11     | Noticed Sonja
  9613 | D:11     | HP: 2/95 [poisoned by Sonja]
  9614 | D:11     | Noticed a two-headed ogre
  9626 | D:11     | Noticed a two-headed ogre
  9627 | D:11     | You fall into a shaft and drop 1 floor!
  9706 | D:12     | Noticed Snorg
  9722 | D:12     | Slain by Snorg

Illustrated notes

Levels and vault maps discovered:
D:1:      ncdulo_smallfort, layout_loops_ring
D:2:      layout_rooms, serial_forest, infiniplex_forest_straight_4,
          infiniplex_forest_clump_diagonal, infiniplex_forest_clump_tiny,
          infiniplex_forest_lined_room_3, infiniplex_forest_clump_diagonal,
          infiniplex_forest_lined_2, infiniplex_forest_clump_diagonal,
          minmay_stone_trees_small, uniq_robin, uniq_sigmund
D:3:      layout_basic, slow_altar_2, lemuel_coloured_pillars_altar,
          gammafunk_ghost_split
D:4:      layout_layer_cave
D:5:      layout_loops_ring, mainiacjoe_overflow_surrounded_room,
          minmay_temple_entry_statues_fountains
D:6:      layout_loops_ring, brannock_xom_greatest_gift,
          nicolae_ossuary_entry_ruins
D:7:      layout_rooms, uniq_crazy_yiuf_cottage, uniq_prince_ribbit1
D:8:      layout_gridville, serial_undead, serial_undead_b, serial_undead_d,
          serial_undead_e, serial_undead_e, serial_undead_d, serial_undead_b,
          serial_undead_f, serial_undead_d, uniq_amaemon
D:9:      layout_basic, mainiacjoe_overflow_concentric_impassable,
          gammafunk_temple_overflow_statue, serial_bayou_pond_e,
          minmay_diced_spiral
D:10:     layout_gridville, orc_0_dummy, uniq_fannar, uniq_maggie
D:11:     layout_rooms, lair_entry_dummy, grunt_ministairs_9, uniq_sonja,
          uniq_maurice
D:12:     layout_gridville, serial_shops, nicolae_shop_crystal,
          ploomutoo_gammafunk_ghost_potion_laboratory, nicolae_shop_clearance,
          uniq_snorg

Skill      XL: |  1  2  3  4  5  6  7  8  9 10 11 12 |
---------------+-------------------------------------+-----
Armour         | 4 5 6 8 9 10 | 10.9
Maces & Flails | 3 4 5 7 8 10 11 12 | 12.2
Fighting       | 4 5 6 7 9 |  9.3
Shields        | 5 6 7 8 9 |  9.7
Throwing       | 1 |  1.1
Dodging        | |  0.6
Stealth        | |  0.3
Evocations     | |  0.7

Action                     |  1- 3 |  4- 6 |  7- 9 | 10-12 || total
---------------------------+-------+-------+-------+-------++-------
  Melee: Flail             |    88 |   114 |   449 |   212 ||   863
         Morningstar       |       |       |       |    97 ||    97
         Eveningstar       |       |       |       |   124 ||   124
  Throw: Dart              |       |       |       |    10 ||    10
 Invoke: Potion Petition   |       |       |       |     5 ||     5
Ability: Shaft Self        |       |     1 |       |     1 ||     2
  Evoke: Wand              |       |       |       |    11 ||    11
    Use: Potion            |       |     1 |       |    13 ||    14
         Scroll            |       |       |    13 |     5 ||    18
   Stab: Distracted        |       |       |     2 |     1 ||     3
 Armour: Scale mail        |    60 |       |       |       ||    60
         Chain mail        |       |    63 |   230 |   142 ||   435
         Plate armour      |       |       |       |   198 ||   198
  Dodge: Dodged            |    56 |    46 |   131 |   214 ||   447
         Repelled          |       |       |     2 |     4 ||     6
  Block: Buckler           |    37 |    39 |   110 |   208 ||   394
